Map: Alcyone LE

Players

Yeti

  • Race: Terran Terran
  • League: Master
  • Spawn Location: 1:00

A.I. 1 (Very Easy) - Winner!

  • Race: Zerg Zerg
  • Spawn Location: 7:00

VOD

Have the link to the VOD?

Description

Time

  • Played on: June 20, 2025, 7:27 p.m.
  • Length: 5:36
Show
View Real Time Build Order
Export as new Build Order

Yeti Terran 

Build Orders: Reaper Expand 

Get SALT Encoding   

  12  0:00  SCV  
  13  0:12  SCV  
  14  0:17  Supply Depot  
  14  0:24  SCV  
  15  0:39  SCV  
  15  0:41  Barracks  
  16  0:44  Refinery  
  16  0:51  SCV  
  17  1:03  SCV  
  18  1:15  SCV  
  19  1:28  Reaper  
  19  1:29  Orbital Command  
  20  1:39  Command Center  
  20  1:50  Barracks  
  20  1:54  SCV  
  20  2:00  Barracks Reactor  
  21  2:06  SCV  
  22  2:13  Supply Depot  
  22  2:18  SCV  
  22  2:22  Factory  
  23  2:32  Refinery  
  23  2:35  SCV  
  24  2:38  Marine  
  24  2:39  Barracks Tech Lab, Marine  
  26  2:47  SCV  
  27  2:51  Orbital Command  
  27  2:57  Marine x2  
  27  2:58  Marine  
  30  2:59  SCV  
  30  3:05  Stimpack  
  31  3:11  SCV  
  32  3:15  Marine x3  
  32  3:18  SCV  
  36  3:25  SCV, Supply Depot  
  37  3:30  SCV  
  37  3:31  Starport  
  37  3:33  Factory Reactor  
  38  3:35  Marine  
  38  3:36  Marine  
  38  3:38  Marine  
  38  3:41  SCV  
  42  3:43  SCV  
  42  3:48  Supply Depot  
  43  3:53  SCV, Marine  
  43  3:54  Marine  
  43  3:55  SCV  
  47  3:56  Marine  
  48  4:05  SCV  
  48  4:07  SCV  
  50  4:11  Supply Depot  
  50  4:12  Marine x2  
  50  4:14  Marine  
  50  4:15  Medivac x2  
  57  4:18  SCV  
  57  4:19  SCV  
  59  4:25  Supply Depot  
  59  4:31  SCV, Marine x2  
  61  4:32  Marine  
  61  4:33  SCV  
  61  4:38  Factory Tech Lab  
  64  4:42  Engineering Bay  
  64  4:43  SCV  
  64  4:45  SCV  
  66  4:55  SCV  
  66  4:57  SCV  
  68  5:01  Command Center  
  68  5:02  Barracks  
  68  5:04  Marine  
  68  5:05  Marine x2  
  71  5:07  SCV  
  71  5:09  SCV  
  71  5:11  Supply Depot  
  73  5:15  Starport Reactor  
  76  5:22  Supply Depot  
Show
View Real Time Build Order
Export as new Build Order

A.I. 1 (Very Easy) Zerg - Winner!

Build Orders: Pool Only 

Get SALT Encoding   

  12  0:01  Drone  
  13  0:12  Overlord  
  13  0:16  Drone  
  14  0:35  Spawning Pool  
  13  0:36  Extractor  
  13  0:39  Drone  
  13  0:46  Drone  
  14  0:51  Overlord  
  14  1:22  Zergling x2  
  14  1:24  Queen  
  17  1:31  Roach Warren  
  16  1:34  Drone  
  16  1:38  Extractor  
  16  1:42  Drone  
  17  1:50  Zergling x2  
  18  2:01  Drone  
  19  2:08  Drone  
  20  2:17  Drone  
  20  2:18  Zergling x2  
  22  2:27  Overlord  
  22  2:30  Drone  
  23  2:37  Drone  
  24  2:45  Drone  
  24  2:46  Roach  
Tags
 
Add a new tag
Caveats
  • Supply blocks, unpowered buildings, or Contaminate may cause inaccurate times.
  • Supply counts are checked every 10 seconds.